 Dungeon Sprint DCSS version 0.28-a0-465-ge2dae52223 (webtiles) character file.

Game seed: 17545234623574424281

104974 MikeHunt the Earth Mage (level 15, -7/129 HPs)
             Began as a Demonspawn Earth Elementalist on Sept 14, 2021.
             Was the Champion of Sif Muna.
             Shot with an arrow by a skeletal warrior (19 damage)
             ... in the Dungeon (Sprint III: "The Ten Rune Challenge").
             The game lasted 00:42:18 (7874 turns).

MikeHunt the Earth Mage (DsEE)                      Turns: 7874, Time: 00:42:19

Health: -7/129     AC: 11    Str: 11    XL:     15   Next: 14%
Magic:  0/38       EV: 17    Int: 25    God:    Sif Muna [******]
Gold:   34         SH: 13    Dex: 13    Spells: 10/35 levels left

rFire   + + .      SeeInvis .   D - staff of fire
rCold   . . .      Faith    .   x - +0 kite shield {reflect} {Donald}
rNeg    . . .      Spirit   +   n - +1 acid dragon scales
rPois   +          Reflect  +   v - +0 hat {Stlth+}
rElec   .          Harm     .   (no cloak)
rCorr   +          Rampage  .   (no gloves)
Will    +....      NoTele   +   (no boots)
Stlth   ++........              C - amulet of magic regeneration
HPRegen 0.31/turn               s - ring of poison resistance
MPRegen 0.77/turn               A - ring of the Circus Animal {rF+ MP+9 Int+4 Slay+2}

@: no status effects
A: hooves 2, foul stench 2, magic shield, magic regeneration, sharp scales 2
}: 2/10 runes: decaying, serpentine
a: Renounce Religion, Channel Magic, Forget Spell, Divine Exegesis


You were in the Dungeon.
You worshipped Sif Muna.
Sif Muna was exalted by your worship.
You visited 1 branch You collected 2268 gold pieces.
You spent 2234 gold pieces at shops.

Inventory:

Hand Weapons
 i - a +0 flail
 o - a +1 dagger of draining
 p - the +3 short sword of False Hope {venom, Str-4 Int+4 Dex+2}
   (You found it in the Dungeon)

   It poisons the flesh of those it strikes.
   Str:       It affects your strength (-4).
   Int:       It affects your intelligence (+4).
   Dex:       It affects your dexterity (+2).
 r - a +1 vorpal morningstar
Missiles
 h - 7 curare-tipped darts
 q - 38 stones
Armour
 b - a +0 robe
 n - +1 acid dragon scales (worn)
 t - a +2 ring mail of willpower
 v - a +0 hat of stealth (worn)
 x - a +0 kite shield of reflection (worn) {Donald}
Magical Staves
 D - a staff of fire (weapon)
Jewellery
 s - a ring of poison resistance (left hand)
 A - the ring of the Circus Animal (right hand) {rF+ MP+9 Int+4 Slay+2}
   (You bought it in a shop in the Dungeon)

   [ring of magical power]

   Int:       It affects your intelligence (+4).
   Slay:      It affects your accuracy & damage with ranged weapons and melee
   (+2).
   rF:        It protects you from fire.
   MP:        It affects your magic capacity (+9).
 C - an amulet of magic regeneration (around neck)
Wands
 z - a wand of polymorph (7)
Scrolls
 j - 3 scrolls of torment
 y - 6 scrolls of identify
Potions
 a - 3 potions of mutation
 c - a potion of curing
 d - a potion of lignification
 e - a potion of haste
 f - 2 potions of magic
 g - a potion of berserk rage
 l - a potion of brilliance
 m - 3 potions of cancellation
 w - a potion of ambrosia
Miscellaneous
 k - a condenser vane
 u - a lightning rod (4/4)


   Skills:
 - Level 15.0 Fighting
 - Level 12.0 Staves
 - Level 10.4 Armour
 - Level 15.0 Dodging
 - Level 1.7 Stealth
 - Level 15.0 Shields
 - Level 10.7 Spellcasting
 + Level 14.4 Conjurations
 - Level 0.8 Transmutations
 - Level 12.7 Fire Magic
 - Level 15.4 Earth Magic
 - Level 10.0 Invocations
 - Level 12.0 Evocations


You had 10 spell levels left.
You knew the following spells:

 Your Spells              Type           Power      Damage    Failure   Level
a - Stone Arrow           Conj/Erth      100%       3d13      1%          3
d - Flame Wave            Conj/Fire      89%        3d15      1%          4
e - Sandblast             Erth           100%       2d20      0%          1
f - Sticky Flame          Conj/Fire      89%        2d10      1%          4
r - Scorch                Fire           100%       2d10      1%          2
t - Lee's Rapid Deconstr  Erth           37%        3d19*     1%          5
y - Iron Shot             Conj/Erth      36%        9d7       2%          6

Your spell library contained the following spells:

 Spells                   Type           Power      Damage    Failure   Level
 Foxfire                  Conj/Fire      100%       2x1d9     1%          1
 Magic Dart               Conj           100%       1d8       1%          1
 Passwall                 Tmut/Erth      44%        N/A       1%          2
 Searing Ray              Conj           100%       2d8       1%          2
 Static Discharge         Conj/Air       49%        N/A       1%          2
 Conjure Flame            Conj/Fire      89%        6-21      1%          3
 Dazzling Flash           Conj/Hex       98%        N/A       1%          3
 Inner Flame              Hex/Fire       61%        N/A       1%          3
 Fireball                 Conj/Fire      44%        3d18      1%          5
 Iskenderun's Battlesphe  Conj           71%        2d12      1%          5
 Mephitic Cloud           Conj/Pois/Air  37%        N/A       2%          3
 Animate Armour           Summ/Erth      100%       N/A       2%          4
 Leda's Liquefaction      Hex/Erth       25%        N/A       2%          4
 Petrify                  Tmut/Erth      53%        N/A       2%          4
 Ignite Poison            Fire/Tmut/Pois 52%        N/A       3%          3
 Fulminant Prism          Conj/Hex       24%        3d13      3%          4
 Hailstorm                Conj/Ice       49%        3d11      3%          4
 Iskenderun's Mystic Bla  Conj/Tloc      49%        2d11      3%          4
 Starburst                Conj/Fire      44%        6d12      3%          6
 Sting                    Tmut/Pois      60%        1d6       5%          1
 Animate Skeleton         Necr           26%        N/A       6%          1
 Freeze                   Ice            52%        1d7       6%          1
 Pain                     Necr           52%        1d6       6%          1
 Wereblood                Tmut           17%        N/A       7%          2
 Borgnjor's Vile Clutch   Necr/Erth      25%        N/A       8%          5
 Irradiate                Conj/Tmut      25%        3d21      8%          5
 Blink                    Tloc           N/A        N/A       10%         2
 Call Imp                 Summ           13%        N/A       10%         2
 Ensorcelled Hibernation  Hex/Ice        26%        N/A       10%         2
 Poisonous Vapours        Pois/Air       26%        N/A       10%         2
 Slow                     Hex            13%        N/A       10%         2
 Lightning Bolt           Conj/Air       24%        1d40      10%         5
 Orb of Destruction       Conj           35%        9d13      14%         7
 Call Canine Familiar     Summ           13%        N/A       19%         3
 Frozen Ramparts          Ice            26%        1d4       19%         3
 Gell's Gravitas          Tloc           6%         N/A       19%         3
 Lesser Beckoning         Tloc           13%        N/A       19%         3
 Ozocubu's Armour         Ice            13%        N/A       19%         3
 Portal Projectile        Hex/Tloc       26%        N/A       19%         3
 Summon Guardian Golem    Hex/Summ       13%        N/A       19%         3
 Teleport Other           Tloc           13%        N/A       19%         3
 Tukima's Dance           Hex            13%        N/A       19%         3
 Vampiric Draining        Necr           6%         2d6       19%         3
 Statue Form              Tmut/Erth      35%        N/A       34%         6
 Airstrike                Air            6%         N/A       54%         4
 Animate Dead             Necr           6%         N/A       54%         4
 Summon Ice Beast         Ice/Summ       13%        N/A       54%         4
 Summon Lightning Spire   Summ/Air       13%        N/A       54%         4
 Lehudib's Crystal Spear  Conj/Erth      36%        10d9      67%         8
 Alistair's Intoxication  Tmut/Pois      10%        N/A       83%         5
 Yara's Violent Unravell  Hex/Tmut       7%         3d5       83%         5
 Agony                    Necr           13%        N/A       87%         5
 Excruciating Wounds      Necr           6%         N/A       87%         5
 Manifold Assault         Tloc           13%        N/A       87%         5
 Metabolic Englaciation   Hex/Ice        6%         N/A       87%         5
 Summon Mana Viper        Hex/Summ       13%        N/A       87%         5
 Ignition                 Fire           43%        3d12      92%         8
 Spellforged Servitor     Conj/Summ      24%        N/A       96%         7
 Invisibility             Hex            6%         N/A       100%        6
 Simulacrum               Ice/Necr       6%         N/A       100%        6
 Summon Cactus Giant      Summ           6%         N/A       100%        6
 Dragon Form              Tmut           8%         N/A       100%        7
 Haunt                    Necr/Summ      6%         N/A       100%        7
 Storm Form               Tmut/Air       7%         N/A       100%        7
 Summon Hydra             Summ           6%         N/A       100%        7
 Borgnjor's Revivificati  Necr           6%         N/A       100%        8
 Necromutation            Tmut/Necr      7%         N/A       100%        8
 Summon Horrible Things   Summ           6%         N/A       100%        8
 Chain Lightning          Conj/Air       24%        3d32      100%        9
 Fire Storm               Conj/Fire      44%        8d11      100%        9
 Shatter                  Erth           37%        3d29*     100%        9


Dungeon Overview and Level Annotations

Branches:
Dungeon (1/1)

Altars:
Cheibriados
Dithmenos
Elyvilon
Fedhas
Gozag
Hepliaklqana
Kikubaaqudgha
Makhleb
Nemelex Xobeh
Qazlal
Ru
Sif Muna
Vehumet
Xom
Yredelemnul
Zin
The Shining One
Jiyva
Lugonu

Shops:
D [?==?[[!:(=:[:*(?=


Innate Abilities, Weirdness & Mutations

You have hoof-like feet.
You sometimes emit foul miasma when damaged in melee.
When hurt, damage is shared between your health and your magic reserves.
You regenerate magic rapidly.
You are mostly covered in razor-sharp scales. (AC +2, Slay +2)


Message History

Casting: Lee's Rapid Deconstruction (mildly dangerous; 1% risk of failure)
Confirm with . or Enter, or press ? or * to list all spells.
You don't have enough magic to cast this spell.
Magic courses through your body.
Casting: Lee's Rapid Deconstruction (mildly dangerous; 1% risk of failure)
Confirm with . or Enter, or press ? or * to list all spells.
Aiming: Lee's Rapid Deconstruction (mildly dangerous; 1% risk of failure)
Press: ? - help, Dir - move target A metal wall.
The metal wall shatters!
The blast of metal fragments hits the vampire knight but does no damage.
The vampire knight is almost destroyed.
Casting: Lee's Rapid Deconstruction (mildly dangerous; 1% risk of failure)
Confirm with . or Enter, or press ? or * to list all spells.
Aiming: Iron Shot (dangerous; 2% risk of failure)
Press: ? - help, Shift-Dir - straight line The iron shot hits the vampire knight!!!
You destroy the vampire knight!
Sif Muna accepts your kill.
Training target 15.0 for Dodging reached!
Your Dodging skill increases to level 15!
Casting: Iron Shot (dangerous; 2% risk of failure)
Confirm with . or Enter, or press ? or * to list all spells.
Aiming: Lee's Rapid Deconstruction (mildly dangerous; 1% risk of failure)
Press: ? - help, Dir - move target, f - skeletal warrior Fragment what (e.g. wall or brittle monster)?: a skeletal warrior, wielding a +4 longbow of flaming and quivering arrows The skeletal warrior shatters!!
The skeletal warrior is heavily damaged.
The skeletal warrior shoots an arrow.
You reflect the arrow off your +0 kite shield of reflection {Donald}!
The arrow hits the skeletal warrior but does no damage.
Casting: Lee's Rapid Deconstruction (mildly dangerous; 1% risk of failure)
Confirm with . or Enter, or press ? or * to list all spells.
Aiming: Lee's Rapid Deconstruction (mildly dangerous; 1% risk of failure)
Press: ? - help, Dir - move target, f/p - skeletal warrior Fragment what (e.g. wall or brittle monster)?: a skeletal warrior, wielding a +4 longbow of flaming and quivering arrows (heavily damaged)
The skeletal warrior shatters!!
The skeletal warrior is severely damaged.
The skeletal warrior shoots an arrow.
The arrow hits you!!
You die...

#...†)......##...)#§#§§.#.∩.∩∩.#.
##...........##.#'#§§§§§#.∩∩∩∩.#.
##########..##.#.§§§§..#......#.
##...........##.#.§§§.§.###''###.
#∩...).)....###....§§§..#.⌠..⌠.#)
#∩.####################.#......##
#∩...........##.#.#.#.#........#.
##...........##................#)
##############.@..............#)
###)##############. ##...## ##
##..z..## . #. #.......###.... ▓+
..'...'.z...))'...... ▓.
..#'###.......#####.. ▓.
##.....## ▓. ##...## ▓^


You could see a skeletal warrior.

Vanquished Creatures
  Mara (D)
  Rupert (D)
  A lich (D)
  Frances (D)
  2 sphinxes (D)
  Gastronok (D)
  Chuck (D)
  Donald (D)
  4 azure jellies (D)
  A nagaraja (D)
  2 vampire knights (D)
  2 dire elephants (D)
  An iron golem (D)
  A mummy priest (D)
  A fire dragon (D)
  2 yaktaur captains (D)
  A naga warrior (D)
  Josephine (D)
  3 hydras (D)
  3 centaur warriors (D)
  5 anacondas (D)
  4 dancing weapons (D)
  4 death yaks (D)
  2 deep elf knights (D)
  Urug (D)
  4 hell knights (D)
  2 skeletal warriors (D)
  3 death drakes (D)
  A spectral iron dragon (D)
  An orange crystal statue (D)
  A spriggan druid (D)
  A spectral hydra (D)
  A deep elf zephyrmancer (D)
  A lindwurm (D)
  2 orc sorcerers (D)
  3 deep elf pyromancers (D)
  4 crystal guardians (D)
  An ugly thing (D)
  2 elephants (D)
  A molten gargoyle (D)
  A guardian serpent (D)
  6 black mambas (D)
  4 statues (D)
  2 cane toads (D)
  A komodo dragon (D)
  A rime drake (D)
  2 unseen horrors (D)
  A guardian mummy (D)
  A queen bee (D)
  3 wandering mushrooms (D)
  A jumping spider (shapeshifter) (D)
  4 spriggan defenders (D)
  2 orc high priests (D)
  2 tyrant leeches (D)
  2 hornets (D)
  5 slime creatures (D)
  8 blink frogs (D)
  A redback (shapeshifter) (D)
  3 redbacks (D)
  2 spriggans (D)
  A shadow (D)
  2 nagas (D)
  A spatial vortex (D)
  A hydra simulacrum (D)
  3 water moccasins (D)
  3 iron troll simulacra (D)
  A floating eye (D)
  An orc warrior (D)
  A swamp drake (D)
  A fire dragon simulacrum (D)
  A necrophage (D)
  2 centaurs (D)
  An earth elemental (D)
  2 swamp dragon skeletons (D)
  A water elemental (D)
  32 killer bees (D)
  4 orc priests (D)
  A jelly (D)
  A wizard (D)
  Jessica (D)
  2 necromancers (D)
  4 orc wizards (D)
  2 wolf simulacra (D)
  A human (D)
  A kobold demonologist (D)
  4 adders (D)
  A phantom (D)
  9 orcs (D)
  2 endoplasms (D)
  2 ball lightnings (D)
  A ballistomycete spore (D)
217 creatures vanquished.

Vanquished Creatures (others)
  A deep elf blademaster (D)
  Nessos (D)
  A mummy priest (D)
  A yaktaur captain (D)
  A shadow wraith (D)
  3 yaktaurs (D)
  A hornet (D)
  An electric eel (D)
  3 ball lightnings (D)
  2 ballistomycete spores (D)
  2 bushes (D)
  61 plants (D)
78 creatures vanquished.

Grand Total: 295 creatures vanquished

Notes
Turn   | Place    | Note
-------+----------+-------------------------------------------
     0 | D        | MikeHunt the Demonspawn Earth Elementalist began the quest
                  | for the Orb.
     0 | D        | Reached XP level 1. HP: 13/13 MP: 3/3
    54 | D        | Noticed Jessica
    55 | D        | Killed Jessica
    56 | D        | Gained mutation: You may rarely emit foul miasma when
                  | damaged in melee. [demonic ancestry]
    56 | D        | Reached XP level 2. HP: 19/19 MP: 4/7
    56 | D        | Gained mutation: You are partially covered in razor-sharp
                  | scales. (AC +1, Slay +1) [demonic ancestry]
    56 | D        | Reached XP level 3. HP: 24/24 MP: 4/8
   109 | D        | Reached skill level 5 in Earth Magic
   179 | D        | Learned a level 3 spell: Stone Arrow
   206 | D        | Noticed a water elemental
   210 | D        | Killed a water elemental
   211 | D        | Reached skill level 5 in Spellcasting
   211 | D        | Reached XP level 4. HP: 30/30 MP: 2/11
   282 | D        | Found a radiant altar of Vehumet.
   283 | D        | Found a shimmering blue altar of Sif Muna.
   283 | D        | Noticed a wizard
   284 | D        | Killed a wizard
   287 | D        | Gained mutation: You have large cloven feet. [demonic
                  | ancestry]
   287 | D        | Reached XP level 5. HP: 35/35 MP: 2/13
   287 | D        | Found an ancient bone altar of Kikubaaqudgha.
   298 | D        | Learned a level 4 spell: Flame Wave
   299 | D        | Became a worshipper of Sif Muna the Loreminder
   370 | D        | Found a shadowy altar of Dithmenos.
   370 | D        | Noticed a necrophage
   372 | D        | Killed a necrophage
   376 | D        | Found a basalt altar of Yredelemnul.
   376 | D        | Found a sacrificial altar of Ru.
   437 | D        | Noticed a deep elf pyromancer
   442 | D        | Killed a deep elf pyromancer
   442 | D        | Reached * piety under Sif Muna
   443 | D        | Gained mutation: You are mostly covered in razor-sharp
                  | scales. (AC +2, Slay +2) [demonic ancestry]
   443 | D        | Reached XP level 6. HP: 24/41 MP: 4/15
   443 | D        | Gained mutation: You have hoof-like feet. [demonic
                  | ancestry]
   443 | D        | Reached XP level 7. HP: 27/46 MP: 4/16
   656 | D        | Reached skill level 10 in Fire Magic
   656 | D        | Reached skill level 1 in Invocations
   657 | D        | Noticed a shadow
   659 | D        | Killed a shadow
   705 | D        | Found a blossoming altar of Fedhas.
   705 | D        | Found a stormy altar of Qazlal.
   705 | D        | Found a snail-covered altar of Cheibriados.
   705 | D        | Found a burning altar of Makhleb.
   705 | D        | Found a shimmering altar of Xom.
   705 | D        | Noticed a spatial vortex
   709 | D        | Found a hazy altar of Hepliaklqana.
   709 | D        | Found an opulent altar of Gozag.
   709 | D        | Found a sparkling altar of Nemelex Xobeh.
   709 | D        | Found a corrupted altar of Lugonu.
   709 | D        | Found a viscous altar of Jiyva.
   710 | D        | Killed a spatial vortex
   710 | D        | Reached ** piety under Sif Muna
   791 | D        | Found Meskoh's Antique Armour Boutique.
   791 | D        | Noticed an orc sorcerer
   791 | D        | Noticed an orc sorcerer
   805 | D        | Killed an orc sorcerer
   806 | D        | Reached skill level 5 in Invocations
   806 | D        | Reached XP level 8. HP: 61/61 MP: 5/17
   806 | D        | Reached *** piety under Sif Muna
   815 | D        | Killed an orc sorcerer
   816 | D        | Reached skill level 5 in Fighting
   816 | D        | Reached skill level 5 in Dodging
   830 | D        | Reached **** piety under Sif Muna
   893 | D        | Gained mutation: You sometimes emit foul miasma when
                  | damaged in melee. [demonic ancestry]
   893 | D        | Reached XP level 9. HP: 48/69 MP: 8/18
   988 | D        | Reached ***** piety under Sif Muna
   988 | D        | Received a gift from Sif Muna
   989 | D        | Got Sif Muna's Tome of Flamy Transmutation {god gift}
   995 | D        | Learned a level 4 spell: Sticky Flame
  1094 | D        | Bought shiny acid dragon scales for 1118 gold pieces
  1109 | D        | Noticed Josephine
  1224 | D        | Killed Josephine
  1225 | D        | Reached skill level 5 in Evocations
  1518 | D        | Noticed a centaur warrior
  1525 | D        | Killed a centaur warrior
  1526 | D        | Reached skill level 10 in Conjurations
  1526 | D        | Reached skill level 10 in Invocations
  1640 | D        | Killed an unseen horror
  1640 | D        | Received a gift from Sif Muna
  1641 | D        | Gained mutation: You regenerate magic rapidly. [demonic
                  | ancestry]
  1641 | D        | Reached XP level 10. HP: 51/80 MP: 8/19
  1643 | D        | Got Sif Muna's Tome of the Ten Knives {god gift}
  1768 | D        | Reached skill level 5 in Armour
  1807 | D        | Noticed a lindwurm
  1809 | D        | Noticed a seven-headed hydra
  1810 | D        | Noticed a seven-headed hydra
  1813 | D        | Killed a seven-headed hydra
  1815 | D        | Killed a seven-headed hydra
  1817 | D        | Received a gift from Sif Muna
  1818 | D        | Got Sif Muna's Volume of Confrontation {god gift}
  2331 | D        | Identified the +3 short sword of False Hope {venom, Str-4
                  | Int+4 Dex+2}
  2341 | D        | Identified a scroll of acquirement
  2341 | D        | Acquired a book of Blasting
  2350 | D        | Learned a level 5 spell: Lee's Rapid Deconstruction
  2374 | D        | Killed a lindwurm
  2458 | D        | Noticed Urug
  2462 | D        | Killed Urug
  2463 | D        | Reached XP level 11. HP: 55/90 MP: 1/20
  2467 | D        | Received a gift from Sif Muna
  2516 | D        | Learned a level 2 spell: Scorch
  3036 | D        | Reached ****** piety under Sif Muna
  3050 | D        | Received a gift from Sif Muna
  3051 | D        | Got Sif Muna's Incunabulum of Frigorific Stolen Souls {god
                  | gift}
  3059 | D        | Noticed Rupert
  3064 | D        | Killed Rupert
  3069 | D        | Reached skill level 10 in Earth Magic
  3072 | D        | Reached skill level 10 in Spellcasting
  3157 | D        | Noticed a death yak
  3157 | D        | Noticed a death yak
  3158 | D        | Noticed a death yak
  3160 | D        | Noticed a death yak
  3163 | D        | Received a gift from Sif Muna
  3165 | D        | Killed a death yak
  3165 | D        | Killed a death yak
  3165 | D        | Killed a death yak
  3165 | D        | Killed a death yak
  3166 | D        | Reached skill level 10 in Fighting
  3166 | D        | Reached XP level 12. HP: 75/98 MP: 26/26
  3329 | D        | Noticed an azure jelly
  3329 | D        | Noticed an azure jelly
  3353 | D        | Noticed an azure jelly
  3353 | D        | Noticed an azure jelly
  3363 | D        | Noticed a dire elephant
  3363 | D        | Noticed a dire elephant
  3363 | D        | Noticed Gastronok
  3368 | D        | Received a gift from Sif Muna
  3378 | D        | Killed a dire elephant
  3379 | D        | Reached skill level 10 in Dodging
  3379 | D        | Reached skill level 10 in Evocations
  3379 | D        | Killed a dire elephant
  3774 | D        | Got Sif Muna's Tome of Bewitching Evil Rites {god gift}
  3797 | D        | Killed Gastronok
  3994 | D        | Found a blossoming altar of Fedhas.
  3999 | D        | Received a gift from Sif Muna
  4339 | D        | Received a gift from Sif Muna
  4339 | D        | Received a gift from Sif Muna
  4339 | D        | Received a gift from Sif Muna
  4339 | D        | Received a gift from Sif Muna
  4340 | D        | Got Ciesim's Catalogue of the Excruciating Oath {god gift}
  4340 | D        | Got Sif Muna's Disquisition on Unholy Blows and Bruises
                  | {god gift}
  4359 | D        | Noticed Donald
  4359 | D        | Noticed Frances
  4365 | D        | Killed Donald
  4366 | D        | Reached skill level 10 in Armour
  4367 | D        | Killed Frances
  4745 | D        | Gained mutation: When hurt, damage is shared between your
                  | health and your magic reserves. [demonic ancestry]
  4745 | D        | Reached XP level 13. HP: 101/109 MP: 15/27
  4746 | D        | Reached skill level 5 in Shields
  4750 | D        | Received a gift from Sif Muna
  4843 | D        | Got Wosec's Compendium of Creative Darkness {god gift}
  5032 | D        | Received a gift from Sif Muna
  5033 | D        | Got Sif Muna's Collected Works on the Rocks {god gift}
  5314 | D        | Reached skill level 10 in Shields
  5506 | D        | Received a gift from Sif Muna
  5507 | D        | Got Sif Muna's Incunabulum of the Birds and Clay {god gift}
  5694 | D        | Found Farghothi's Book Emporium.
  5694 | D        | Found Jachiwna's Book Shop.
  5694 | D        | Found Tezaeg Daom's Jewellery Shoppe.
  5694 | D        | Found Gasidos's Antique Armour Emporium.
  5694 | D        | Found Joalots's Magic Scroll Shop.
  5694 | D        | Found Yjui's Weapon Emporium.
  5694 | D        | Found Qoawn's Assorted Antiques.
  5695 | D        | Found Gum Nelu's Jewellery Boutique.
  5695 | D        | Found Feaduser's Antique Weapon Shoppe.
  5695 | D        | Found Bimoil's Book Shop.
  5695 | D        | Found Zinagy's Distillery.
  5732 | D        | Bought the ring of the Circus Animal {rF+ MP+9 Int+4
                  | Slay+2} for 711 gold pieces
  5737 | D        | Bought a scroll of blinking for 75 gold pieces
  5741 | D        | Bought an amulet of magic regeneration for 330 gold pieces
  5775 | D        | Killed a mummy priest
  5796 | D        | Received a gift from Sif Muna
  5800 | D        | Got Toinkaru's Catalogue of Mutagenic Companions {god gift}
  5835 | D        | Received a gift from Sif Muna
  5836 | D        | Got Sif Muna's Tome of Battle Magic and Earth {god gift}
  5935 | D        | Received a gift from Sif Muna
  5941 | D        | Got Sif Muna's Disquisition on Icy Companions {god gift}
  5946 | D        | Killed Nessos
  5966 | D        | Noticed a nagaraja
  5971 | D        | Killed a nagaraja
  5974 | D        | Found Buisouc's Jewellery Shop.
  5974 | D        | Found Vemoal's Magic Scroll Shoppe.
  5980 | D        | Reached skill level 15 in Shields
  6025 | D        | Found Riolebia's Antique Armour Boutique.
  6046 | D        | Got a serpentine rune of Zot
  6288 | D        | Found Pised's Antique Armour Shoppe.
  6288 | D        | Found Goempuc's Magic Scroll Boutique.
  6288 | D        | Found Tof Reaj's Jewellery Emporium.
  6290 | D        | Received a gift from Sif Muna
  6354 | D        | Got a decaying rune of Zot
  6392 | D        | Killed a deep elf blademaster
  6457 | D        | Received a gift from Sif Muna
  6463 | D        | Noticed a fire dragon
  6469 | D        | Killed a fire dragon
  6499 | D        | Reached XP level 14. HP: 115/116 MP: 28/28
  6527 | D        | Received a gift from Sif Muna
  6528 | D        | Reached skill level 5 in Staves
  6528 | D        | Got Sif Muna's Compendium of Toxic Ignition {god gift}
  6576 | D        | Identified the +11 quick blade of Icsajibby {drain, *Slow
                  | Will++ MP+9 Dex+3}
  6790 | D        | Reached skill level 15 in Earth Magic
  6806 | D        | Learned a level 6 spell: Iron Shot
  6815 | D        | Received a gift from Sif Muna
  6816 | D        | Got Sif Muna's Guide on Mutagenic Sinister Magic {god gift}
  6843 | D        | Noticed Chuck
  6866 | D        | Killed Chuck
  6967 | D        | Received a gift from Sif Muna
  6968 | D        | Got Sif Muna's Volume of Enchantment and the Arsonist {god
                  | gift}
  7013 | D        | Noticed a vampire knight
  7091 | D        | Killed an azure jelly
  7092 | D        | Reached skill level 10 in Staves
  7095 | D        | Killed an azure jelly
  7095 | D        | Killed an azure jelly
  7095 | D        | Killed an azure jelly
  7282 | D        | Received a gift from Sif Muna
  7283 | D        | Got Sif Muna's Grimoire of Scorching Dislocation {god gift}
  7393 | D        | Noticed a lich
  7397 | D        | Killed a lich
  7507 | D        | Noticed a sphinx
  7507 | D        | Noticed a sphinx
  7508 | D        | Paralysed by a sphinx for 3 turns
  7522 | D        | Killed a sphinx
  7522 | D        | Received a gift from Sif Muna
  7535 | D        | Killed a sphinx
  7537 | D        | Got Sif Muna's Almanac of Frigorific Darkness {god gift}
  7842 | D        | Noticed a vampire knight
  7849 | D        | Killed a vampire knight
  7849 | D        | Noticed Mara
  7857 | D        | Killed Mara
  7858 | D        | Reached skill level 15 in Fighting
  7858 | D        | Reached XP level 15. HP: 79/129 MP: 3/29
  7866 | D        | Paralysed by a vampire knight for 2 turns
  7873 | D        | Reached skill level 15 in Dodging
  7874 | D        | Shot with an arrow by a skeletal warrior

Illustrated notes

Levels and vault maps discovered:
D:        dungeon_sprint_mu [sprint_mu_entry_cave, sprint_mu_temple_rooms,
          sprint_mu_d1_horrors, sprint_mu_d2_genie, sprint_mu_d3_branching,
          sprint_mu_orc_legion, sprint_mu_elf_gauntlet, sprint_mu_hive_nellie,
          sprint_mu_lair_fedhas, sprint_mu_vaults_butterflies,
          sprint_mu_slime_circle, sprint_mu_swamp_cave, sprint_mu_snake_twists,
          sprint_mu_blade_basic, sprint_mu_crypt_fortress,
          sprint_mu_tomb_spiral, sprint_mu_vestibule_basic,
          sprint_mu_gehenna_hellfire, sprint_mu_dis_giant,
          sprint_mu_tartarus_statrot, sprint_mu_cocytus_islands, sprint_mu_zot1]

Skill      XL: |  1  2  3  4  5  6  7  8  9 10 11 12 13 14 15 |
---------------+----------------------------------------------+-----
Earth Magic    | 4 6 12 14 15 | 15.4
Spellcasting   | 4 5 6 10 | 10.7
Conjurations   | 3 4 7 8 9 10 14 | 14.4
Fire Magic     | 9 10 11 12 | 12.7
Dodging        | 4 5 7 9 11 14 15 | 15.0
Invocations    | 5 7 10 | 10.0
Fighting       | 4 5 7 9 10 12 15 | 15.0
Evocations     | 2 4 6 9 12 | 12.0
Armour         | 4 7 10 | 10.4
Shields        | 4 15 | 15.0
Staves         | 3 12 | 12.0
Stealth        | |  1.7
Transmutations | |  0.8

Action                   |  1- 3 |  4- 6 |  7- 9 | 10-12 | 13-15 || total
-------------------------+-------+-------+-------+-------+-------++-------
Melee: Flail             |       |       |     2 |       |       ||     2
       Staff             |       |       |       |       |    42 ||    42
       Kick              |       |       |       |       |    16 ||    16
       Short sword       |       |       |       |       |     5 ||     5
 Cast: Sandblast         |    12 |     6 |    12 |       |       ||    30
       Stone Arrow       |     2 |     7 |    22 |    21 |     7 ||    59
       Flame Wave        |       |       |    10 |    25 |    20 ||    55
       Sticky Flame      |       |       |       |     6 |     3 ||     9
       Scorch            |       |       |       |    16 |     5 ||    21
       Lehudib's Crystal |       |       |       |     2 |       ||     2
       Lee's Rapid Decon |       |       |       |    12 |   127 ||   139
       Ignition          |       |       |       |     1 |       ||     1
       Shatter           |       |       |       |       |     1 ||     1
       Iron Shot         |       |       |       |       |    20 ||    20
       Chain Lightning   |       |       |       |       |     2 ||     2
Invok: Channel Magic     |       |       |     2 |     3 |     4 ||     9
       Divine Exegesis   |       |       |       |     3 |     3 ||     6
Evoke: Lightning rod     |       |       |       |     5 |       ||     5
       Wand              |       |       |       |     9 |       ||     9
       Condenser vane    |       |       |       |     3 |       ||     3
  Use: Scroll            |     3 |       |       |     4 |     5 ||    12
       Potion            |       |       |     2 |     2 |     1 ||     5
 Stab: Sleeping          |       |       |       |       |     1 ||     1
Armor: Acid dragon scale |       |       |    11 |    11 |    39 ||    61
       Robe              |       |       |     2 |       |       ||     2
Dodge: Dodged            |     4 |     2 |    17 |    47 |    58 ||   128
Block: Kite shield       |       |       |       |       |    53 ||    53
       Reflection        |       |       |       |       |     2 ||     2

Table legend: (Time is in decaauts)
 A = Elapsed time spent in this place.
 B = Non-inter-level travel time spent in this place.
 C = Inter-level travel time spent in this place.
 D = Time resting spent in this place.
 E = Time spent auto-exploring this place.
 F = Levels seen in this place.
 G = Mean time per level.
                   A        B        C        D        E       F      G
               +--------+--------+--------+--------+--------+-----+--------+
         Total |   7935 |   7462 |    473 |   5333 |     40 |   1 | 7935.0 |
       Dungeon |   7935 |   7462 |    473 |   5333 |     40 |   1 | 7935.0 |
               +--------+--------+--------+--------+--------+-----+--------+

Top non-repeatable levels by time:
       D: 7935 daAuts
